 Dungeon Crawl Stone Soup version 0.25-a0-86-ga6f17ae7d4 (webtiles) character file.

Game seed: 16358853082054744714, levelgen mode: deterministic

281 D1HalberdGnoll the Sneak (level 6, -4/44 HPs)
             Began as a Vampire Ice Elementalist on Nov 9, 2019.
             Slain by an iron imp (5 damage)
             ... summoned by Eustachio
             ... on level 4 of the Dungeon.
             The game lasted 00:06:14 (4030 turns).

D1HalberdGnoll the Sneak (Vampire Ice Elementalist) Turns: 4030, Time: 00:06:15

Health: -4/44      AC:  3    Str:  8    XL:     6   Next: 6%
Magic:  3/10       EV: 12    Int: 18    God:
Gold:   33         SH:  2    Dex: 15    Spells: 8/11 levels left

rFire    . . .     SeeInvis +   k - +0 dagger (curse)
rCold    . . .     Gourm    .   (no shield)
rNeg     . . .     Faith    .   c - +0 leather armour
rPois    .         Spirit   .   (no helmet)
rElec    .         Reflect  +   (no cloak)
rCorr    .         Harm     .   (no gloves)
MR       .....                  (no boots)
Stlth    +++.......             p - +2 amulet of reflection
HPRegen  0.34/turn              (no ring)
MPRegen  0.12/turn              (no ring)

@: regenerating quickly
A: no food, fangs 3, see invisible, unbreathing
a: Exsanguinate


You were on level 4 of the Dungeon.
You were alive.

You visited 1 branch of the dungeon, and saw 4 of its levels.

You collected 137 gold pieces.
You spent 104 gold pieces at shops.

Inventory:

Hand Weapons
 k - a cursed +0 dagger (weapon)
Missiles
 l - 4 poisoned darts (quivered)
Armour
 c - a +0 leather armour (worn)
Jewellery
 p - a +2 amulet of reflection (around neck)
Scrolls
 a - a scroll of magic mapping {unknown}
 d - 2 scrolls of random uselessness {unknown}
 e - a scroll of remove curse {unknown}
 f - a scroll of amnesia {unknown}
 h - 2 scrolls of immolation {unknown}
 n - 3 scrolls of teleportation
 q - a scroll of noise {unknown}
Potions
 b - 4 potions of brilliance {unknown}
 g - a potion of magic {unknown}
 i - a potion of degeneration {unknown}
 j - a potion of haste {unknown}
 m - a potion of cancellation {unknown}
 o - a potion of agility {unknown}


   Skills:
 + Level 2.1 Fighting
 - Level 2.1 Dodging
 + Level 5.2 Stealth
 + Level 3.1 Spellcasting
 - Level 0.6 Conjurations
 * Level 4.8 Ice Magic


You had 8 spell levels left.
You knew the following spells:

 Your Spells              Type           Power        Failure   Level  Hunger
a - Freeze                Ice            ###.         3%          1    N/A
b - Throw Frost           Conj/Ice       ##....       12%         2    N/A

Your spell library contained the following spells:

 Spells                   Type           Power        Failure   Level  Hunger
 Ozocubu's Armour         Chrm/Ice       ##......     26%         3    N/A
 Throw Icicle             Conj/Ice       ##......     58%         4    N/A
 Summon Ice Beast         Ice/Summ       ##......     65%         4    N/A

Dungeon Overview and Level Annotations

Branches:
Dungeon (4/15)
 Temple: D:4-7

Altars:
Cheibriados
Zin

Shops:
D:4 :*?!

Annotations:
D:4 Eustachio


Innate Abilities, Weirdness & Mutations

You do not eat.
Your natural rate of healing is unusually fast.
You have razor-sharp teeth.
You have supernaturally acute eyesight. (SInv)
You can survive without breathing.


Message History

The ufetubus closely misses you. The white imp hits you.
* * * LOW HITPOINT WARNING * * *
The white imp freezes you.
* * * LOW HITPOINT WARNING * * *
The ufetubus barely misses you. The ufetubus misses you.
Eustachio casts a spell.
Eustachio blinks!
The iron imp hits you.
* * * LOW HITPOINT WARNING * * *
Casting: Freeze (safe; 3% risk of failure)
Confirm with . or Enter, or press ? or * to list all spells.
Aiming: Freeze (safe; 3% risk of failure)
Press: ? - help, Shift-Dir - straight line, f - iron imp, p - Eustachio
Aim: an iron imp (summoned)
The iron imp resists.
You freeze the iron imp.
The iron imp is moderately wounded.
The white imp closely misses you. The ufetubus misses you.
The ufetubus closely misses you.
Eustachio mumbles some strange words.
The iron imp hits you.
You die...

####...........#
###........##
###......#
#%.....#
#......###
##.......###
#..........##
#.......ยง.5.##
#........@5..#
#...>.....5.r##
##......####...###
##....>###
###.@.## ##...>###
###.b# #...###
##....(5. ##.###
#...(.. ##.##
#..### ###.## ###


You could see Eustachio, an iron imp, a river rat, a white imp, an ufetubus and
a bat.

Vanquished Creatures
  A gnoll shaman (D:4)
  Terence (D:3)
  A worker ant (D:2)
  5 gnolls (D:3)
  5 adders
  An ooze (D:2)
  3 worms
  2 dart slugs (D:1)
  2 leopard geckos
  7 orcs (D:3)
  A ball python (D:2)
  13 bats
  4 giant cockroaches
  6 goblins
  11 hobgoblins
  5 jackals
  4 frilled lizards
  6 kobolds
  11 rats
89 creatures vanquished.

Notes
Turn   | Place    | Note
-------+----------+-------------------------------------------
     0 | D:1      | D1HalberdGnoll the Vampire Ice Elementalist began the quest
                  | for the Orb.
     0 | D:1      | Reached XP level 1. HP: 13/13 MP: 3/3
   286 | D:1      | Reached XP level 2. HP: 17/20 MP: 0/5
   583 | D:1      | Learned a level 2 spell: Throw Frost
  1380 | D:2      | Reached XP level 3. HP: 25/25 MP: 6/6
  1507 | D:2      | Found a glowing silver altar of Zin.
  1529 | D:2      | Reached skill level 1 in Fighting
  1644 | D:2      | Reached skill level 4 in Stealth
  1705 | D:2      | Reached XP level 4. HP: 32/32 MP: 5/7
  2310 | D:3      | Found a snail-covered altar of Cheibriados.
  2743 | D:3      | Reached XP level 5. HP: 37/37 MP: 9/9
  3156 | D:3      | Noticed Terence
  3164 | D:3      | Killed Terence
  3364 | D:3      | Reached skill level 5 in Stealth
  3594 | D:4      | Reached XP level 6. HP: 24/44 MP: 1/10
  3833 | D:4      | Found Xenos's General Store.
  3841 | D:4      | Bought a potion of curing for 39 gold pieces
  3892 | D:4      | Found Tihoic's Book Boutique.
  3933 | D:4      | Found Roziph's Magic Scroll Shop.
  3936 | D:4      | Found Safoz's Distillery.
  3953 | D:4      | Bought a scroll of teleportation for 39 gold pieces
  3953 | D:4      | Bought a scroll of identify for 26 gold pieces
  4009 | D:4      | Noticed Eustachio
  4028 | D:4      | HP: 2/44 [Eustachio/+0 rapier (4)]
  4030 | D:4      | Slain by an iron imp

Levels and vault maps discovered:
D:1:      mainiacjoe_arrival_reflecting_pool, layout_basic
D:2:      wander_river, layout_basic, lemuel_crystal_altar
D:3:      layout_basic, cheibriados_altar_1, serial_curves, eino_curves_04,
          eino_curves_04, uniq_terence
D:4:      layout_layer_cave, first_ration, serial_shops, shop,
          nicolae_shop_trees, shop_fountains, nicolae_shop_crystal,
          shop_fountains, dk_rats_in_the_wall, uniq_eustachio

Skill      XL: |  1  2  3  4  5 |
---------------+----------------+-----
Fighting       | 1 2 |  2.1
Stealth        | 4 5 |  5.2
Ice Magic      | 4 |  4.8
Spellcasting   | 3 |  3.1
Dodging        | |  2.1
Conjurations   | |  0.6

Action                   |  1- 3 |  4- 6 || total
-------------------------+-------+-------++-------
Melee: Club              |    54 |     1 ||    55
       Bite              |     5 |     1 ||     6
       Dagger            |       |    45 ||    45
Throw: Dart              |       |     3 ||     3
 Cast: Freeze            |    44 |    87 ||   131
       Throw Frost       |     2 |    14 ||    16
  Use: Scroll            |       |     1 ||     1
       Potion            |       |     1 ||     1
 Stab: Sleeping          |     2 |     5 ||     7
Armor: Leather armour    |    17 |    30 ||    47
Dodge: Dodged            |    60 |    94 ||   154
Block: Other             |       |     1 ||     1

Table legend:
 A = Non-vault XP
 B = Vault XP
 C = Vault XP percentage of total XP
 D = Non-vault monster count
 E = Vault monster count
 F = Vault count percentage of total count
                 A         B        C        D         E       F
            +---------+---------+-------+---------+---------+-------
      Total |     366 |      36 |   9.0 |      88 |       1 |   1.1
            +---------+---------+-------+---------+---------+-------
        D:1 |      35 |       0 |   0.0 |      19 |       0 |   0.0
        D:2 |     121 |       0 |   0.0 |      28 |       0 |   0.0
        D:3 |     158 |      36 |  18.6 |      36 |       1 |   2.7
        D:4 |      52 |       0 |   0.0 |       5 |       0 |   0.0
            +---------+---------+-------+---------+---------+-------
